 Dungeon Crawl Stone Soup version 0.25.0-33-gff14898491 (webtiles) character file.

Game seed: 9188758183264511743

403 funkygono the Conjurer (level 6, 0/47 HPs)
             Began as a Draconian Conjurer on July 7, 2020.
             Was a Follower of Sif Muna.
             Slain by Pikel
             ... wielding a +2 whip of electrocution
              (9 damage)
             ... on level 5 of the Dungeon.
             The game lasted 00:10:34 (3940 turns).

funkygono the Conjurer (Draconian Conjurer)         Turns: 3940, Time: 00:10:35

Health: 0/47       AC:  6    Str: 10    XL:     6   Next: 55%
Magic:  5/11       EV: 13    Int: 17    God:    Sif Muna [*.....]
Gold:   167        SH:  0    Dex: 18    Spells: 9/12 levels left

rFire    + . .     SeeInvis .   g - +0 mace (venom)
rCold    + . .     Gourm    .   (no shield)
rNeg     . . .     Faith    .   (armour unavailable)
rPois    .         Spirit   .   (helmet restricted)
rElec    .         Reflect  .   q - scarf {rC+ rF+}
rCorr    .         Harm     .   (no gloves)
MR       .....                  (no boots)
Stlth    ++........             o - amulet of magic regeneration
HPRegen  0.15/turn              l - +6 ring of dexterity
MPRegen  0.37/turn              (no ring)

@: no status effects
A: unfitting armour, cold-blooded, AC +6
a: Channel Magic, Renounce Religion


You were on level 5 of the Dungeon.
You worshipped Sif Muna.
Sif Muna was aware of your devotion.
You were not hungry.

You visited 1 branch of the dungeon, and saw 5 of its levels.

You collected 167 gold pieces.

Inventory:

Hand Weapons
 d - a +0 dagger
 g - a +0 mace of venom (weapon)
Missiles
 a - 207 stones (quivered)
Armour
 q - a scarf of resistance (worn)
Jewellery
 l - a +6 ring of dexterity (left hand)
 n - an uncursed amulet of guardian spirit
 o - an amulet of magic regeneration (around neck)
Scrolls
 c - 3 scrolls of teleportation
 e - 3 scrolls of identify
 j - a scroll of fear
 m - a scroll of enchant armour
Potions
 f - 4 potions of curing
 h - 4 potions of brilliance
 i - a potion of heal wounds
 k - a potion of stabbing
 p - a potion of might
Comestibles
 b - 6 rations
 r - 2 chunks of flesh


   Skills:
 + Level 1.1 Fighting
 + Level 1.1 Maces & Flails
 + Level 2.5 Dodging
 + Level 2.5 Stealth
 + Level 3.7 Spellcasting
 + Level 6.1 Conjurations


You had 9 spell levels left.
You knew the following spells:

 Your Spells              Type           Power        Failure   Level  Hunger
a - Magic Dart            Conj           ###.         1%          1    None
b - Searing Ray           Conj           ###...       1%          2    ##.....

Your spell library contained the following spells:

 Spells                   Type           Power        Failure   Level  Hunger
 Dazzling Flash           Conj/Hex       ##....       14%         3    ###....
 Fulminant Prism          Conj/Hex       ##........   41%         4    ####...
 Iskenderun's Mystic Bla  Conj/Tloc      ##......     41%         4    ####...


Dungeon Overview and Level Annotations

Branches:
Dungeon (5/15)             Temple (0/1) D:4

Altars:
Hepliaklqana
Sif Muna
Trog
Yredelemnul
The Shining One

Shops:
D:4 [:

Annotations:
D:5 Pikel


Innate Abilities, Weirdness & Mutations

Your plain brown scales are hard. (AC +6)
You cannot fit into any form of body armour.
You are cold-blooded and may be slowed by cold attacks.


Message History

* * * LOW HITPOINT WARNING * * *
Casting: Searing Ray (safe; 1% risk of failure)
Confirm with . or Enter, or press ? or * to list all spells.
Aiming: Searing Ray (safe; 1% risk of failure)
Press: ? - help, Shift-Dir - straight line, f - Pikel
Aim: Pikel, wielding a +2 whip of electrocution and wearing a +0 robe (heavily wounded)
The searing ray hits Pikel!
Pikel is heavily wounded.
The searing ray hits the slave!
The slave is heavily wounded. (Press . to maintain the ray.) Pikel barely misses you.
The searing ray hits Pikel but does no damage.
Pikel is heavily wounded.
The searing ray hits the slave.
The slave is severely wounded.
Pikel hits you with a +2 whip of electrocution.
* * * LOW HITPOINT WARNING * * *
You are electrocuted!
You die...

.#......#.....#.#
#.##.#.#.....#.#
#.###.###.#.#
##.# #.....#..
#..# #########
#.### #...#
#.#l###.#
#..ppK@.#
.....p#### .##..
#.. #. #


You could see Pikel, 3 slaves and an iguana.

Vanquished Creatures
  A slave (D:5)
  An ogre (D:4)
  2 orc priests (D:4)
  A hound (D:4)
  3 worker ants
  An iguana (D:5)
  5 adders
  3 gnolls (D:3)
  An ooze (D:3)
  3 worms
  A dart slug (D:1)
  3 leopard geckos
  3 orcs (D:4)
  2 giant cockroaches (D:4)
  5 goblins
  5 hobgoblins
  A quokka (D:2)
  6 bats
  3 frilled lizards
  9 kobolds
  2 rats (D:3)
61 creatures vanquished.

Notes
Turn   | Place    | Note
-------+----------+-------------------------------------------
     0 | D:1      | funkygono the Draconian Conjurer began the quest for the
                  | Orb.
     0 | D:1      | Reached XP level 1. HP: 14/14 MP: 3/3
   407 | D:1      | Reached XP level 2. HP: 20/20 MP: 1/5
   454 | D:1      | Learned a level 2 spell: Searing Ray
  1301 | D:2      | Found a glowing golden altar of the Shining One.
  1301 | D:2      | Found a hazy altar of Hepliaklqana.
  1320 | D:2      | Found a shimmering blue altar of Sif Muna.
  1328 | D:2      | Became a worshipper of Sif Muna the Loreminder
  1735 | D:3      | Reached XP level 3. HP: 26/26 MP: 6/6
  1778 | D:3      | Reached skill level 5 in Conjurations
  1950 | D:3      | Found a bloodstained altar of Trog.
  1999 | D:3      | Reached XP level 4. HP: 33/33 MP: 3/7
  2515 | D:4      | Reached XP level 5. HP: 13/38 MP: 4/9
  2796 | D:4      | Found Xyruxt's Antique Armour Shoppe.
  3209 | D:4      | Found a staircase to the Ecumenical Temple.
  3254 | D:4      | Noticed an ogre
  3260 | D:4      | Killed an ogre
  3260 | D:4      | Reached skill level 6 in Conjurations
  3260 | D:4      | Reached XP level 6. HP: 46/46 MP: 5/11
  3433 | D:4      | Reached skill level 1 in Maces & Flails
  3671 | D:4      | Reached skill level 1 in Fighting
  3798 | D:4      | Found Biyxiwk's Book Shoppe.
  3847 | D:5      | Entered Level 5 of the Dungeon
  3847 | D:5      | Found a basalt altar of Yredelemnul.
  3886 | D:5      | Reached * piety under Sif Muna
  3932 | D:5      | Noticed Pikel
  3932 | D:5      | Noticed a slave
  3932 | D:5      | Noticed a slave
  3932 | D:5      | Noticed a slave
  3932 | D:5      | Noticed a slave
  3937 | D:5      | Killed a slave
  3940 | D:5      | Slain by Pikel

Illustrated notes

Levels and vault maps discovered:
D:1:      minmay_arrival_up_and_down, layout_basic
D:2:      layout_loops_ring, lemuel_crystal_altar,
          gammafunk_temple_overflow_elements, minmay_misc_feat_doors
D:3:      layout_rooms, nicolae_overflow_crystal_walls
D:4:      layout_basic, minmay_temple_entry_tees, serial_shops, kennysheep_mini,
          nicolae_shop_behind_doors, grunt_ministairs_13
D:5:      layout_basic, yredelemnul_altar_generic, old_standard_altar,
          first_ration, uniq_pikel

Skill      XL: |  1  2  3  4  5  6 |
---------------+-------------------+-----
Conjurations   | 5 6 |  6.1
Dodging        | 2 |  2.5
Stealth        | 2 |  2.5
Spellcasting   | 3 |  3.7
Maces & Flails | 1 |  1.1
Fighting       | 1 |  1.1

Action                   |  1- 3 |  4- 6 || total
-------------------------+-------+-------++-------
Melee: Dagger            |    14 |       ||    14
       Mace              |    15 |    16 ||    31
       Tailslap          |     1 |     2 ||     3
 Cast: Magic Dart        |    55 |    46 ||   101
       Searing Ray       |     2 |    15 ||    17
  Use: Scroll            |     9 |     4 ||    13
  Eat: Chunk             |     4 |     7 ||    11
Armor: Skin              |    18 |    16 ||    34
Dodge: Dodged            |    39 |    24 ||    63
